Map: Blackburn LE

Players

DisK

  • Race: Protoss Protoss

Nina - Winner!

  • Race: Protoss Protoss
  • League: Grandmaster

Event: DreamHack SC2 Masters 2021 Summer

VOD

Have the link to the VOD?

Description

Time

  • Played on: June 4, 2021, 4:18 p.m.
  • Length: 7:43

All games in this series

Show
View Real Time Build Order
Export as new Build Order

DisK Protoss 

Build Orders: Phoenix Opening 

Get SALT Encoding   

  12  0:00  Probe  
  13  0:12  Probe  
  14  0:19  Pylon  
  14  0:24  Probe  
  15  0:37  Gateway  
  15  0:38  Probe (Chrono Boost)  
  16  0:47  Probe (Chrono Boost)  
  16  0:48  Assimilator  
  17  0:53  Probe  
  17  0:56  Assimilator  
  18  1:05  Probe (Chrono Boost)  
  18  1:06  Pylon  
  19  1:16  Probe (Chrono Boost)  
  20  1:21  Probe (Chrono Boost)  
  21  1:28  Cybernetics Core  
  21  1:31  Probe  
  22  1:33  Zealot  
  24  1:43  Probe  
  27  2:09  Warp Gate  
  26  2:15  Stargate  
  26  2:18  Nexus  
  26  2:21  Probe  
  25  2:30  Stalker  
  25  2:34  Probe  
  28  2:40  Pylon  
  28  2:50  Probe  
  29  3:03  Pylon  
  32  3:09  Probe, Phoenix (Chrono Boost)  
  32  3:14  Shield Battery  
  32  3:21  Probe  
  32  3:22  Stalker  
  35  3:27  Phoenix (Chrono Boost)  
  35  3:31  Probe (Chrono Boost)  
  39  3:39  Probe (Chrono Boost)  
  40  3:42  Probe (Chrono Boost)  
  40  3:45  Phoenix (Chrono Boost)  
  40  3:47  Probe (Chrono Boost)  
  43  3:55  Probe  
  44  3:58  Probe  
  45  4:06  Pylon  
  45  4:07  Probe  
  45  4:08  Twilight Council  
  46  4:10  Probe  
  46  4:16  Sentry  
  49  4:19  Probe  
  49  4:22  Probe, Gateway  
  51  4:29  Assimilator  
  51  4:31  Probe  
  51  4:34  Probe  
  53  4:42  Blink (Chrono Boost)  
  53  4:43  Probe, Robotics Facility  
  54  4:46  Probe  
  55  4:56  Probe  
  55  4:58  Probe  
  55  4:59  Pylon  
  57  5:07  Gateway  
  57  5:12  Forge  
  57  5:13  Pylon  
  57  5:14  Probe x2  
  59  5:15  Phoenix  
  59  5:20  Stalker  
  59  5:21  Stalker  
  63  5:26  Probe  
  64  5:28  Probe  
  64  5:34  Observer  
  66  5:35  Nexus  
  66  5:38  Shield Battery  
  66  5:46  Stalker x2  
  66  5:49  Probe  
  71  5:52  Probe  
  72  6:00  Gateway  
  72  6:07  Shield Battery  
  72  6:08  Pylon  
  72  6:10  Stalker x2  
  76  6:23  Gateway  
  76  6:25  Gateway  
  76  6:28  Stalker  
  78  6:37  Stalker x2  
  78  6:53  Stalker  
  78  6:54  Stalker  
  78  7:03  Stalker x2  
  70  7:16  Stalker x2  
  70  7:17  Stalker  
  74  7:26  Stalker  
Show
View Real Time Build Order
Export as new Build Order

Nina Protoss - Winner!

Build Orders: Phoenix Opening 

Get SALT Encoding   

  12  0:01  Probe  
  13  0:13  Probe  
  14  0:17  Pylon  
  14  0:25  Probe  
  15  0:37  Probe (Chrono Boost), Gateway  
  16  0:47  Probe (Chrono Boost)  
  17  0:50  Assimilator  
  17  0:52  Probe (Chrono Boost)  
  18  0:59  Assimilator  
  18  1:03  Probe (Chrono Boost)  
  19  1:13  Probe (Chrono Boost)  
  19  1:16  Pylon  
  19  1:18  Probe (Chrono Boost)  
  20  1:24  Cybernetics Core  
  21  1:28  Zealot  
  23  1:34  Probe  
  24  1:46  Probe  
  25  1:58  Probe, Pylon  
  26  2:10  Nexus  
  26  2:18  Stalker  
  26  2:21  Pylon  
  28  2:24  Probe  
  29  2:36  Probe  
  30  2:40  Pylon  
  30  2:44  Warp Gate  
  30  2:48  Probe, Stalker  
  33  2:54  Shield Battery  
  33  3:00  Probe  
  34  3:10  Gateway  
  34  3:12  Probe (Chrono Boost)  
  33  3:18  Shield Battery  
  33  3:23  Sentry (Chrono Boost)  
  33  3:24  Probe (Chrono Boost)  
  37  3:28  Probe (Chrono Boost)  
  37  3:29  Probe (Chrono Boost)  
  38  3:35  Twilight Council  
  38  3:37  Probe (Chrono Boost)  
  40  3:44  Probe (Chrono Boost)  
  40  3:46  Stalker (Chrono Boost)  
  41  3:49  Probe (Chrono Boost)  
  41  3:55  Probe x2 (Chrono Boost)  
  44  3:59  Phoenix  
  45  4:03  Probe  
  45  4:04  Probe  
  47  4:12  Nexus  
  47  4:15  Probe  
  47  4:17  Probe  
  49  4:21  Blink  
  49  4:27  Probe  
  49  4:29  Forge  
  51  4:31  Probe  
  51  4:33  Stalker  
  52  4:39  Probe  
  52  4:41  Stalker  
  55  4:46  Probe  
  55  4:48  Gateway  
  55  4:52  Gateway  
  56  4:53  Probe  
  56  4:58  Probe, Gateway  
  56  4:59  Protoss Ground Weapons Level 1 (Chrono Boost)  
  58  5:04  Pylon  
  58  5:05  Probe  
  59  5:10  Probe, Assimilator  
  60  5:14  Gateway  
  60  5:19  Pylon  
  60  5:23  Photon Cannon  
  60  5:26  Probe  
  60  5:27  Probe  
  62  5:33  Stalker  
  62  5:35  Stalker  
  66  5:42  Gateway  
  66  5:43  Gateway  
  66  5:44  Probe  
  66  5:45  Probe  
  66  5:48  Probe, Assimilator  
  69  5:50  Stalker  
  69  5:53  Pylon  
  69  5:56  Stalker  
  73  5:59  Probe  
  73  6:00  Probe  
  73  6:01  Stalker  
  77  6:04  Stalker  
  77  6:09  Stalker  
  77  6:10  Stalker  
  83  6:13  Probe  
  84  6:19  Photon Cannon, Stalker  
  84  6:21  Stalker  
  84  6:25  Stalker  
  88  6:26  Probe  
  88  6:27  Probe  
  88  6:31  Stalker  
  90  6:34  Stalker  
  90  6:38  Stalker  
  94  6:49  Stalker  
  94  6:50  Stalker x2  
  100  6:55  Pylon  
  100  6:56  Pylon  
  100  7:12  Stalker  
  100  7:13  Stalker x5  
  96  7:29  Probe  
  97  7:32  Stalker x2  
Tags
 
Add a new tag
Caveats
  • Supply blocks, unpowered buildings, or Contaminate may cause inaccurate times.
  • Supply counts are checked every 10 seconds.